Map: New Gettysburg LE

Players

llllllllllll

  • Race: Zerg Zerg
  • League: Master

SortOf - Winner!

  • Race: Zerg Zerg
  • League: Master

VOD

Have the link to the VOD?

Description

Time

  • Played on: Oct. 26, 2016, 4:17 a.m.
  • Length: 7:38
Show
View Real Time Build Order
Export as new Build Order

llllllllllll Zerg 

Build Orders: Pool First 

Get SALT Encoding   

  12  0:00  Drone  
  13  0:08  Drone  
  14  0:21  Extractor, Drone  
  14  0:24  Overlord  
  15  0:42  Drone x2  
  17  0:46  Drone  
  18  1:00  Spawning Pool, Drone  
  18  1:13  Unknown, Hatchery  
  18  1:16  Drone  
  18  1:19  Extractor  
  18  1:22  Drone  
  18  1:28  Drone  
  19  1:37  Overlord  
  19  1:46  Queen  
  21  1:50  Zergling x2  
  22  1:59  Drone  
  23  2:09  Drone  
  24  2:21  Drone  
  25  2:25  Queen x2, Unknown  
  25  2:27  Drone  
  30  2:30  Metabolic Boost  
  30  2:32  Drone  
  31  2:39  Drone  
  31  2:42  Drone  
  33  2:47  Drone  
  33  2:51  Roach Warren  
  33  2:58  Drone x3  
  35  3:00  Overlord  
  36  3:14  Unknown, Hatchery  
  35  3:20  Overlord  
  35  3:23  Zergling x2  
  35  3:24  Zergling x2  
  35  3:25  Zergling x2  
  38  3:28  Zergling x2  
  38  3:32  Zergling x2  
  40  3:34  Zergling x2  
  40  3:35  Zergling x2  
  42  3:41  Overlord  
  42  3:43  Drone x2  
  42  3:47  Drone x2  
  46  3:52  Drone  
  47  3:59  Drone  
  47  4:00  Drone  
  49  4:07  Lair  
  49  4:08  Extractor  
  48  4:11  Drone x2  
  48  4:16  Evolution Chamber  
  48  4:26  Unknown  
  43  4:32  Roach x3  
  43  4:33  Roach x3  
  43  4:38  Overlord  
  55  4:40  Zergling x2  
  60  4:45  Roach x2  
  60  4:48  Zerg Missile Weapons Level 1  
  57  5:06  Drone x2  
  57  5:07  Drone  
  55  5:10  Queen  
  55  5:11  Drone  
  55  5:12  Drone x6  
  64  5:15  Extractor  
  64  5:16  Glial Reconstitution  
  64  5:17  Extractor, Drone x2  
  64  5:28  Overseer  
  64  5:29  Drone x3  
  64  5:30  Drone x2  
  64  5:31  Drone  
  64  5:34  Overlord  
  70  5:38  Overlord  
  70  5:48  Overlord x2  
  70  5:58  Drone x5  
  70  5:59  Drone x2  
  70  6:02  Extractor  
  76  6:14  Drone x4  
  76  6:15  Overlord, Drone x3  
  83  6:21  Roach x3  
  83  6:22  Roach x3  
  83  6:23  Ravager x3  
  83  6:24  Ravager x2  
  100  6:27  Overlord  
  100  6:30  Overlord  
  100  6:45  Roach  
  102  6:50  Roach x3  
  102  6:51  Roach x3  
  103  6:58  Roach  
  95  7:04  Roach  
  95  7:08  Roach  
  93  7:09  Zergling x2  
  93  7:12  Roach x2  
Show
View Real Time Build Order
Export as new Build Order

SortOf Zerg - Winner!

Build Orders: Hatch First 

Get SALT Encoding   

  12  0:00  Drone  
  13  0:14  Overlord  
  13  0:18  Drone  
  14  0:33  Drone x2  
  16  0:38  Drone  
  17  0:53  Unknown, Hatchery  
  17  0:56  Drone  
  17  1:10  Spawning Pool  
  16  1:13  Drone  
  16  1:16  Drone  
  18  1:23  Drone  
  19  1:26  Extractor  
  19  1:32  Drone  
  19  1:42  Overlord  
  19  1:52  Drone  
  20  1:57  Queen  
  22  2:02  Zergling x2  
  22  2:05  Queen, Unknown, Drone  
  26  2:14  Drone  
  27  2:20  Drone  
  27  2:22  Spine Crawler  
  27  2:25  Drone  
  27  2:27  Metabolic Boost  
  28  2:30  Drone  
  28  2:34  Drone  
  30  2:39  Drone  
  31  2:46  Overlord  
  31  2:48  Drone  
  32  2:55  Drone  
  32  3:03  Unknown, Hatchery  
  31  3:07  Drone x2  
  31  3:11  Zergling x4  
  31  3:12  Zergling x2  
  36  3:14  Zergling x2  
  36  3:18  Drone  
  36  3:19  Drone  
  39  3:22  Zergling x2  
  40  3:27  Overlord  
  40  3:29  Drone  
  41  3:36  Roach Warren  
  41  3:39  Drone  
  41  3:40  Drone  
  42  3:43  Queen  
  44  3:50  Overlord  
  44  3:52  Evolution Chamber  
  42  3:56  Zergling x6  
  42  3:59  Zergling x2  
  42  4:00  Zergling x2  
  47  4:07  Extractor  
  46  4:14  Zergling x2  
  46  4:15  Unknown, Zergling x8  
  46  4:16  Overlord  
  51  4:19  Drone x2  
  51  4:24  Drone x3  
  54  4:27  Drone  
  51  4:33  Zerg Ground Armor Level 1  
  51  4:35  Drone  
  52  4:40  Drone x2  
  52  4:44  Overlord  
  52  4:45  Extractor  
  52  4:56  Roach x5  
  61  5:03  Roach x3  
  63  5:09  Zergling x6  
  63  5:12  Drone x2  
  68  5:16  Drone x3  
  68  5:20  Overlord  
  71  5:22  Drone  
  71  5:24  Overlord  
  73  5:28  Drone  
  73  5:31  Overlord  
  73  5:34  Overlord  
  73  5:42  Unknown  
  73  5:49  Overlord  
  73  6:02  Ravager x2  
  73  6:03  Ravager x5  
  84  6:04  Roach x2  
  84  6:06  Zergling x20  
  84  6:11  Zergling x8  
  98  6:18  Zergling x14  
  105  6:21  Overlord  
  105  6:25  Ravager x2, Overlord  
  107  6:27  Roach  
  107  6:32  Zergling x2  
  110  6:39  Zergling x10  
  111  6:49  Zergling x2  
  111  6:50  Zergling x12  
  101  6:56  Zergling x2  
  101  7:00  Zergling x2  
  95  7:02  Zergling x6  
  95  7:07  Zergling x4  
  95  7:08  Zergling x2  
  98  7:17  Zergling x2  
  98  7:18  Zergling x8  
  98  7:21  Zergling x2  
Tags
 
Add a new tag
Caveats
  • Supply blocks, unpowered buildings, or Contaminate may cause inaccurate times.
  • Supply counts are checked every 10 seconds.